 Dungeon Crawl Stone Soup version 0.19-a0-722-g27ac516 (webtiles) character file.

114097 mopl the Brawler (level 16, -9/152 HPs)
             Began as a Naga Transmuter on June 21, 2016.
             Was the Champion of Cheibriados.
             Mangled by an ettin
             ... wielding a +1 dire flail of protection
              (34 damage)
             ... on level 15 of the Dungeon.
             The game lasted 01:09:04 (24006 turns).

mopl the Brawler (Naga Transmuter)                 Turns: 24006, Time: 01:09:05

Health: -9/152     AC: 14    Str: 31    XL:     16   Next: 65%
Magic:  25/25      EV: 20    Int: 33    God:    Cheibriados [******]
Gold:   1638       SH: 11    Dex: 26    Spells: 8 memorised, 1 level left

rFire  . . .     SeeInvis +       - Unarmed
rCold  . . .     Gourm    .     g - +1 robe {MR+}
rNeg   . . .     Faith    .     J - +1 buckler {reflect}
rPois  +         Spirit   .     C - +2 helmet
rElec  .         Dismiss  .     c - +2 cloak
rCorr  .         Reflect  +     b - +0 pair of gloves
SustAt .         Harm     .     (no barding)
MR     ++++.                    H - +4 amulet of reflection
Stlth  ++........               l - ring of protection from magic
                                x - ring of wizardry

@: repel missiles, very slow, incredibly resistant to hostile enchantments,
unstealthy
A: see invisible, deformed body, poison resistance, slowness 2, slow metabolism
1, spit poison 2, constrict 1, AC +5
a: Spit Poison, Bend Time, Temporal Distortion, Slouch, Step From Time, Renounce
Religion


You were on level 15 of the Dungeon.
You worshipped Cheibriados.
Cheibriados was exalted by your worship.
You were not hungry.

You visited 4 branches of the dungeon, and saw 24 of its levels.
You also visited: Ice Cave.

You collected 2674 gold pieces.
You spent 1036 gold pieces at shops.

Inventory:

Hand Weapons
 K - a +0 blowgun
Missiles
 a - 492 arrows
 u - 34 tomahawks (quivered)
 E - 12 poisoned needles
 M - a throwing net
Armour
 b - a +0 pair of gloves (worn)
 c - a +2 cloak (worn)
 g - a +1 robe of magic resistance (worn)
 C - a +2 helmet (worn)
 J - a +1 buckler of reflection (worn)
 L - a fire dragon hide
 W - a +2 robe of fire resistance
 Y - a +2 scale mail of fire resistance
Jewellery
 l - a ring of protection from magic (right hand)
 x - a ring of wizardry (left hand)
 H - a +4 amulet of reflection (around neck)
 P - an uncursed ring of fire
 R - an uncursed ring of protection from cold
Wands
 p - a wand of flame (10/48)
 v - a wand of paralysis (7/24)
 w - a wand of lightning (9/15)
 A - a wand of polymorph (12/24)
 B - a wand of iceblast (9/15)
 D - a wand of paralysis (6/24)
 I - a wand of acid (1/15)
 O - a wand of polymorph (20/24)
 Q - a wand of disintegration (11/24)
 S - a wand of confusion (33/48)
Scrolls
 f - 2 scrolls of fear
 h - a scroll of holy word
 i - 5 scrolls of amnesia {unknown}
 j - 6 scrolls of immolation {unknown}
 m - 5 scrolls of remove curse
 n - 4 scrolls of recharging {unknown}
 r - 2 scrolls of blinking {unknown}
 s - 3 scrolls of teleportation
 y - a scroll of fog {unknown}
 F - 8 scrolls of magic mapping {unknown}
 N - 2 scrolls of silence {!r}
 X - a scroll of torment {unknown}
Potions
 e - 4 potions of invisibility
 k - 3 potions of lignification {!q}
 o - 4 potions of curing
 q - 3 potions of might
 z - 7 potions of heal wounds
 G - a potion of agility
 T - a potion of flight
 U - a potion of cancellation
 V - a potion of brilliance
Miscellaneous
 t - a phial of floods
Comestibles
 d - 12 bread rations


   Skills:
 + Level 11.6 Fighting
 + Level 10.5 Dodging
 - Level 2.0 Shields
 * Level 17.0 Unarmed Combat
 + Level 5.7 Spellcasting
 - Level 8.0 Hexes
 + Level 5.5 Transmutations
 - Level 3.1 Ice Magic
 - Level 3.1 Poison Magic
 + Level 12.8 Invocations


You had one spell level left.
You knew the following spells:

 Your Spells              Type           Power        Failure   Level  Hunger
b - Spider Form           Tmut/Pois      #####.....   1%          3    None
c - Blade Hands           Tmut           #####.....   7%          5    #####..
d - Ice Form              Ice/Tmut       #####...     4%          4    ###....
e - Blink                 Tloc           N/A          4%          2    None
i - Repel Missiles        Chrm/Air       #.....       4%          2    None
t - Confusing Touch       Hex            ######       1%          2    None
w - Sticks to Snakes      Tmut           #####...     1%          2    None
y - Yara's Violent Unrav  Hex/Tmut       ######....   4%          5    #####..


Dungeon Overview and Level Annotations

Branches:
Dungeon (15/15)            Temple (1/1) D:4            Lair (6/6) D:8
 Shoals (0/4) Lair:3        Snake (0/4) Lair:2        Slime (0/5) Lair:6
    Orc (2/2) D:12            Elf (0/3) Orc:2        Vaults (0/5) D:13
 Depths: D:15

Altars:
Ashenzari
Cheibriados
Dithmenos
Elyvilon
Fedhas
Gozag
Hepliaklqana
Kikubaaqudgha
Makhleb
Nemelex Xobeh
Okawaru
Pakellas
Qazlal
Ru
Sif Muna
Trog
Uskayaw
Vehumet
Xom
Yredelemnul
Zin
The Shining One
Beogh
Jiyva

Shops:
D:12 :   Orc:2 !:([

Annotations:
Lair:6 1 exclusion


Innate Abilities, Weirdness & Mutations

You cannot wear boots.
Your serpentine skin is tough. (AC +5)
You have supernaturally acute eyesight. (SInv)
Armour fits poorly on your strangely shaped body.
Your system is resistant to poisons. (rPois)
You cover ground very slowly.
You have a slow metabolism.
You can spit poison.
You can use your snake-like lower body to constrict enemies.


Message History

You open the door.
There is an open door here.
You open the door.
There is an open door here.
There is an open door here.
The ettin misses you. The ettin hits you with a dire flail!!
You block the ettin's attack. The ettin hits you with a dire flail!!
An ettin comes into view.
It is wielding a dire flail of protection and a dire flail.
You hit the ettin.
The ettin is lightly wounded.
You punch the ettin!
The ettin is moderately wounded.
The ettin hits you with a dire flail of protection!!!
The ettin hits you with a dire flail!!
* * * LOW HITPOINT WARNING * * *
Okay, then.
Unknown command.
You fail to use your ability.
The ettin hits you with a dire flail of protection!!
You die...

#....###..#.......###.######.##
###'####..#....#'####.######.##
#.....#...#....#.........#....#
#.....#...'....#.........#....'
#.....#...#....#.........'....#
##############.#.........#....#
#.################
#................#
#@................
≈≈≈≈≈.C.................
≈≈≈≈≈.#.................
......#....####'###..##.
#######...#8..#...8#..#.
.....#....#...#..##
.....#...#....#.[#
....##.#.#.#.'..#
#'.'.#.#.#.##...#


You could see an ettin.

Vanquished Creatures
  A tengu reaver (D:13)
  Maud (Orc:2)
  3 orc warlords (Orc:2)
  The ghost of Kenran the Brawler, a journeyman GrMo of Okawaru (Orc:2)
  A deep elf annihilator (D:11)
  Snorg (Lair:5)
  A fire dragon (D:15)
  Josephine (Lair:6)
  3 centaur warriors
  A catoblepas (Lair:6)
  10 hydras
  Erolcha (D:9)
  2 tengu warriors
  Urug (D:11)
  An ogre mage (D:15)
  2 orc high priests (Orc:2)
  8 death yaks
  Nergalle (Orc:1)
  A deep elf knight (Orc:2)
  The ghost of tstbtto the Cleaver, a novice HOFi of Qazlal (D:7)
  3 unseen horrors
  The ghost of mopl the Grappler, a novice NaTm of Cheibriados (D:6)
  A phantasmal warrior (D:13)
  11 hill giants
  An orc knight (Orc:2)
  A lindwurm (shapeshifter) (D:13)
  Pikel (D:5)
  A wolf spider zombie (D:13)
  4 deep elf magi
  A wolf spider (Lair:6)
  A hornet (shapeshifter) (D:13)
  7 orc sorcerers
  3 cyclopes
  2 griffons
  4 ugly things
  12 slime creatures
  7 elephants
  Maurice (Orc:1)
  A guardian serpent (Lair:6)
  2 manticores
  12 black mambas
  2 ice statues (IceCv)
  4 gargoyles
  18 spiny frogs
  A freezing wraith (D:14)
  9 komodo dragons
  An efreet (D:14)
  2 kobold demonologists (D:14)
  A yaktaur (D:13)
  A yaktaur (shapeshifter) (D:13)
  2 rime drakes (Lair:6)
  A queen bee (Lair:2)
  3 two-headed ogres
  5 trolls
  Prince Ribbit (D:7)
  A polar bear (Lair:2)
  21 blink frogs
  Sigmund (D:4)
  A shadow (D:11)
  A redback (Lair:6)
  A centaur simulacrum (D:15)
  A spriggan (D:9)
  A vampire (D:14)
  52 yaks
  3 wraiths
  A basilisk (shapeshifter) (D:13)
  7 wyverns
  12 hippogriffs
  Eustachio (D:6)
  2 hungry ghosts (D:11)
  6 basilisks
  Grum (D:11)
  A vampire mosquito (D:13)
  5 mottled dragons
  A steam dragon (Lair:6)
  Edmund (D:5)
  A warg (Orc:2)
  3 soldier ants
  3 nagas (Lair:2)
  Duvessa (D:5)
  20 water moccasins
  43 orc warriors
  2 slaves (D:4)
  A giant eyeball (shapeshifter) (D:14)
  5 porcupines
  2 phantoms
  3 black bears
  4 wasps
  9 sky beasts
  9 ice beasts
  7 wolves
  17 ogres
  5 necrophages
  9 centaurs
  15 crocodiles
  6 big kobolds
  20 giant frogs
  A wyvern zombie (D:11)
  10 scorpions
  A wyvern skeleton (D:11)
  Dowan (D:5)
  41 killer bees
  10 wights (D:8)
  6 electric eels (D:11)
  3 howler monkeys
  5 crimson imps
  3 centaur zombies
  A quasit (D:10)
  8 hounds
  4 centaur skeletons
  4 giant frog skeletons
  4 jellies
  21 orc priests
  34 orc wizards
  15 iguanas
  Ijyb (D:2)
  Natasha (thrice) (D:2)
  14 worker ants
  17 sheep
  2 hound zombies
  3 hound skeletons
  4 gnolls (D:4)
  19 adders
  21 river rats
  6 shadow imps
  12 white imps (D:12)
  An ooze (D:1)
  An adder zombie (D:3)
  An adder skeleton (D:7)
  3 worms
  9 giant geckos
  123 orcs
  5 bats
  5 giant cockroaches
  4 goblins
  6 hobgoblins
  21 jackals
  24 kobolds
  5 quokkas
  A giant gecko zombie (D:6)
  4 giant newts
  A quokka skeleton (D:6)
  9 rats
  A butterfly (Lair:5)
  A fungus (Lair:4)
  3 plants
978 creatures vanquished.

Vanquished Creatures (others)
  3 centaurs
  An adder (D:5)
  2 orcs
  23 fungi
  35 plants
64 creatures vanquished.

Grand Total: 1042 creatures vanquished

Notes
Turn   | Place    | Note
--------------------------------------------------------------
     0 | D:1      | mopl the Naga Transmuter began the quest for the Orb.
     0 | D:1      | Reached XP level 1. HP: 18/18 MP: 3/3
   205 | D:1      | Reached XP level 2. HP: 22/25 MP: 3/5
   221 | D:1      | Learned a level 2 spell: Sticks to Snakes
   721 | D:1      | Reached XP level 3. HP: 30/31 MP: 4/6
   726 | D:1      | Learned a level 3 spell: Spider Form
  1112 | D:2      | Reached skill level 4 in Unarmed Combat
  1216 | D:2      | Noticed Ijyb
  1225 | D:2      | Killed Ijyb
  1225 | D:2      | Reached skill level 1 in Poison Magic
  1225 | D:2      | Reached XP level 4. HP: 35/38 MP: 3/7
  1234 | D:2      | Found a blossoming altar of Fedhas.
  1329 | D:2      | Noticed Natasha
  1335 | D:2      | Killed Natasha
  1536 | D:2      | Noticed Natasha
  1543 | D:2      | Killed Natasha
  1543 | D:2      | Reached skill level 3 in Transmutations
  1543 | D:2      | Reached skill level 2 in Poison Magic
  1560 | D:2      | Noticed Natasha
  1568 | D:2      | Killed Natasha
  1568 | D:2      | Reached XP level 5. HP: 23/44 MP: 4/8
  1805 | D:3      | Reached skill level 5 in Unarmed Combat
  1911 | D:3      | Found a blossoming altar of Fedhas.
  2358 | D:4      | Found a staircase to the Ecumenical Temple.
  2373 | Temple   | Entered the Ecumenical Temple
  2381 | Temple   | Became a worshipper of Cheibriados the Contemplative
  2513 | D:4      | Reached skill level 3 in Poison Magic
  2513 | D:4      | Reached XP level 6. HP: 44/51 MP: 5/9
  2818 | D:4      | Reached skill level 2 in Dodging
  2818 | D:4      | Reached skill level 6 in Unarmed Combat
  2898 | D:4      | Reached skill level 2 in Fighting
  3129 | D:4      | Reached XP level 7. HP: 51/60 MP: 7/10
  3203 | D:4      | Reached * piety under Cheibriados
  3309 | D:3      | Found a sacrificial altar of Ru.
  3309 | D:3      | Found a radiant altar of Vehumet.
  3313 | D:3      | Found an ancient bone altar of Kikubaaqudgha.
  3333 | D:4      | Learned a level 4 spell: Ice Form
  3381 | D:4      | Noticed Sigmund
  3481 | D:4      | Killed Sigmund
  3481 | D:4      | Reached skill level 1 in Invocations
  3694 | D:5      | Entered Level 5 of the Dungeon
  3695 | D:5      | Noticed Edmund
  3703 | D:5      | Killed Edmund
  3703 | D:5      | Reached skill level 3 in Fighting
  3703 | D:5      | Reached skill level 3 in Dodging
  3703 | D:5      | Reached skill level 7 in Unarmed Combat
  3703 | D:5      | Reached skill level 2 in Invocations
  3703 | D:5      | Reached XP level 8. HP: 55/69 MP: 7/11
  3731 | D:5      | Noticed Dowan
  3743 | D:5      | Killed Dowan
  4036 | D:5      | Noticed Pikel
  4332 | D:5      | Killed Pikel
  4332 | D:5      | Reached skill level 4 in Fighting
  4332 | D:5      | Reached skill level 8 in Unarmed Combat
  4332 | D:5      | Reached skill level 3 in Invocations
  4549 | D:5      | Noticed Duvessa
  4600 | D:5      | Killed Duvessa
  4600 | D:5      | Reached skill level 4 in Dodging
  4600 | D:5      | Reached XP level 9. HP: 74/78 MP: 9/12
  4619 | D:5      | Reached ** piety under Cheibriados
  4619 | D:5      | Reached skill level 4 in Invocations
  4752 | D:5      | Found an oddly glowing altar of Pakellas.
  4752 | D:5      | Noticed an eight-headed hydra
  5372 | D:6      | Noticed Eustachio
  5388 | D:6      | Killed Eustachio
  5388 | D:6      | Reached skill level 9 in Unarmed Combat
  6058 | D:6      | Noticed mopl's ghost (novice NaTm)
  6100 | D:6      | Killed mopl's ghost
  6100 | D:6      | Reached skill level 5 in Fighting
  6100 | D:6      | Reached skill level 5 in Dodging
  6100 | D:6      | Reached skill level 5 in Invocations
  6101 | D:6      | Reached *** piety under Cheibriados
  6433 | D:7      | Noticed Prince Ribbit
  6444 | D:7      | Killed Prince Ribbit
  6444 | D:7      | Reached XP level 10. HP: 85/88 MP: 11/14
  6494 | D:7      | Reached skill level 10 in Unarmed Combat
  6571 | D:7      | Found a shattered altar of Ashenzari.
  6628 | D:7      | Noticed tstbtto's ghost (novice HOFi)
  6666 | D:7      | Killed tstbtto's ghost
  6666 | D:7      | Reached skill level 1 in Ice Magic
  6666 | D:7      | Reached skill level 6 in Invocations
  6978 | D:7      | Found an iron altar of Okawaru.
  7235 | D:7      | Reached **** piety under Cheibriados
  7257 | D:7      | Reached skill level 6 in Fighting
  7646 | D:8      | Reached skill level 2 in Ice Magic
  7661 | D:8      | Identified Pemuo's Catalogue of the Mutagenic Glacier
  7753 | D:8      | Found a staircase to the Lair.
  7966 | D:8      | Reached ***** piety under Cheibriados
  7966 | D:8      | Reached skill level 1 in Shields
  8000 | D:8      | FelidMasterRace: Press a-c to gain piety, lol.
  8005 | D:8      | mopl: \o/
  8088 | D:8      | Reached skill level 6 in Dodging
  8088 | D:8      | Reached XP level 11. HP: 97/97 MP: 3/16
  8122 | D:8      | Reached skill level 4 in Transmutations
  8576 | D:9      | Noticed Erolcha
  8595 | D:9      | Killed Erolcha
  8595 | D:9      | Reached skill level 11 in Unarmed Combat
  8595 | D:9      | Reached skill level 3 in Ice Magic
  8595 | D:9      | Reached skill level 7 in Invocations
  9129 | D:9      | Reached skill level 2 in Shields
  9248 | D:9      | Found a burning altar of Makhleb.
  9294 | D:10     | Entered Level 10 of the Dungeon
  9359 | D:10     | Noticed a hill giant
  9367 | D:10     | Killed a hill giant
  9367 | D:10     | Reached skill level 7 in Fighting
  9668 | D:10     | Noticed a hill giant
  9679 | D:10     | Killed a hill giant
  9679 | D:10     | Reached ****** piety under Cheibriados
  9679 | D:10     | Reached skill level 3 in Spellcasting
  9690 | D:10     | Reached skill level 5 in Transmutations
  9700 | D:10     | Learned a level 5 spell: Blade Hands
  9709 | D:10     | Noticed an unseen horror
  9719 | D:10     | Killed an unseen horror
 10177 | D:11     | Reached XP level 12. HP: 108/108 MP: 17/17
 10184 | D:11     | Noticed Grum
 10201 | D:11     | Killed Grum
 10206 | D:11     | Reached skill level 12 in Unarmed Combat
 10249 | D:11     | Reached skill level 8 in Invocations
 10370 | Lair:1   | Entered Level 1 of the Lair of Beasts
 10536 | Lair:1   | Reached skill level 7 in Dodging
 10572 | Lair:1   | Noticed a six-headed hydra
 10580 | Lair:1   | Killed a six-headed hydra
 11095 | Lair:2   | Reached skill level 8 in Fighting
 11454 | Lair:2   | Reached skill level 9 in Invocations
 11516 | Lair:2   | Reached skill level 13 in Unarmed Combat
 11796 | Lair:2   | Found a staircase to the Snake Pit.
 12224 | Lair:2   | Gained mutation: You can use your snake-like lower body to constrict enemies. [Naga growth]
 12224 | Lair:2   | Reached XP level 13. HP: 117/117 MP: 17/20
 12420 | Lair:3   | Reached skill level 8 in Dodging
 12716 | Lair:3   | Found a staircase to the Shoals.
 12726 | Lair:3   | Reached skill level 9 in Fighting
 13333 | Lair:4   | Reached skill level 10 in Invocations
 13363 | Lair:4   | Got an encrusted scale mail
 13382 | Lair:3   | Identified the +3 scale mail of the Fife {rF+ Int+3} (You found it on level 4 of the Lair of Beasts)
 13439 | Lair:4   | Reached skill level 14 in Unarmed Combat
 14231 | Lair:5   | Noticed Snorg
 14237 | Lair:5   | Killed Snorg
 14257 | Lair:5   | Got a ripped robe
 14306 | Lair:5   | Identified the +1 robe "Ixiz" {rC- Slay+6 Stlth+} (You found it on level 5 of the Lair of Beasts)
 14462 | Lair:5   | Reached skill level 9 in Dodging
 14664 | Lair:5   | Reached XP level 14. HP: 129/129 MP: 21/21
 15142 | Lair:6   | Entered Level 6 of the Lair of Beasts
 15160 | Lair:6   | Reached skill level 10 in Fighting
 15262 | Lair:6   | Found a staircase to the Slime Pits.
 15262 | Lair:6   | Found a viscous altar of Jiyva.
 15274 | Lair:6   | Reached skill level 15 in Unarmed Combat
 15282 | Lair:6   | Reached skill level 11 in Invocations
 15637 | Lair:6   | Noticed Josephine
 15646 | Lair:5   | Learned a level 2 spell: Confusing Touch
 15753 | Lair:6   | Killed Josephine
 15753 | Lair:6   | Reached skill level 1 in Hexes
 15863 | Lair:6   | Reached skill level 2 in Hexes
 16050 | Lair:6   | Reached skill level 3 in Hexes
 16599 | D:11     | Noticed Urug
 16614 | D:11     | Reached skill level 4 in Hexes
 16619 | D:11     | Killed Urug
 16619 | D:11     | Reached XP level 15. HP: 126/139 MP: 19/23
 17876 | D:12     | Found a frozen archway.
 17917 | IceCv    | Entered an ice cave
 18006 | IceCv    | Got a pitted spear
 18010 | IceCv    | Identified the +10 spear of Eternal War {flame, *Corrode rElec Dex+4} (You found it in an ice cave)
 18156 | D:12     | Found Tilodghe's Book Shop.
 18160 | D:12     | Bought a book of Minor Magic for 200 gold pieces
 18163 | D:12     | Learned a level 2 spell: Blink
 18166 | D:12     | Learned a level 2 spell: Repel Missiles
 18187 | D:12     | Reached skill level 5 in Hexes
 18293 | D:12     | Found a staircase to the Orcish Mines.
 18452 | D:12     | Reached skill level 16 in Unarmed Combat
 18452 | D:12     | Reached skill level 4 in Spellcasting
 18839 | Orc:1    | Entered Level 1 of the Orcish Mines
 18897 | Orc:1    | Reached skill level 12 in Invocations
 18996 | Orc:2    | Entered Level 2 of the Orcish Mines
 18996 | Orc:2    | Noticed an orc warlord
 18996 | Orc:2    | Noticed Kenran's ghost (journeyman GrMo)
 19003 | Orc:2    | Killed an orc warlord
 19017 | Orc:2    | Killed Kenran's ghost
 19017 | Orc:2    | Reached skill level 10 in Dodging
 19117 | Orc:2    | Found a roughly hewn altar of Beogh.
 19174 | Orc:2    | Found a roughly hewn altar of Beogh.
 19235 | Orc:2    | Found a roughly hewn altar of Beogh.
 19253 | Orc:2    | Found Qimyissi's Distillery.
 19264 | Orc:2    | Bought a potion of haste for 100 gold pieces
 19264 | Orc:2    | Bought a potion of cancellation for 80 gold pieces
 19264 | Orc:2    | Bought a potion of heal wounds for 50 gold pieces
 19264 | Orc:2    | Bought a potion of heal wounds for 50 gold pieces
 19264 | Orc:2    | Bought a potion of curing for 30 gold pieces
 19302 | Orc:2    | Noticed Maud
 19305 | Orc:2    | Found a roughly hewn altar of Beogh.
 19330 | Orc:2    | Killed Maud
 19330 | Orc:2    | Reached skill level 11 in Fighting
 19330 | Orc:2    | Reached skill level 6 in Hexes
 19405 | Orc:2    | Found a staircase to the Elven Halls.
 19440 | Orc:2    | Noticed an orc warlord
 19446 | Orc:2    | Killed an orc warlord
 19468 | Orc:2    | Got a pitted chain mail
 19486 | Orc:2    | Identified the cursed +0 chain mail of Bigraj {-Tele Str+9} (You found it on level 2 of the Orcish Mines)
 19606 | Orc:2    | Found a roughly hewn altar of Beogh.
 19629 | Orc:1    | Noticed Maurice
 19642 | Orc:1    | Killed Maurice
 19734 | Orc:1    | Noticed Nergalle
 19743 | Orc:1    | Killed Nergalle
 20001 | Orc:2    | Found a roughly hewn altar of Beogh.
 20069 | Orc:2    | Noticed an orc warlord
 20076 | Orc:2    | Killed an orc warlord
 20114 | Orc:2    | Found Ibycuf's Antique Weapon Shop.
 20116 | Orc:2    | Found a roughly hewn altar of Beogh.
 20148 | Orc:2    | Found Julierch's Antique Armour Boutique.
 20268 | Orc:2    | Bought an embroidered cloak for 175 gold pieces
 20268 | Orc:2    | Bought a heavily runed scale mail for 351 gold pieces
 20290 | Orc:2    | Identified the +3 scale mail of the Cooper {Str+6} (You bought it in a shop on level 2 of the Orcish Mines)
 20407 | Orc:2    | Found a roughly hewn altar of Beogh.
 20438 | Orc:2    | Found a roughly hewn altar of Beogh.
 20439 | Orc:2    | Found Sewesor's Book Shoppe.
 20584 | Orc:2    | Reached skill level 7 in Hexes
 21363 | D:13     | Reached XP level 16. HP: 149/150 MP: 19/25
 21481 | D:13     | Got a translucent ring mail
 21492 | D:13     | Identified the +4 ring mail "Qeguzok" {rC++ rN++ Int-4} (You found it on level 13 of the Dungeon)
 21513 | D:13     | Noticed a tengu reaver
 21532 | D:13     | Reached skill level 5 in Spellcasting
 21542 | D:13     | Killed a tengu reaver
 21604 | D:13     | Got a polished chain mail
 21617 | D:13     | Identified the +4 chain mail of Defiance {rC- Regen+ Int+4 Dex+2} (You found it on level 13 of the Dungeon)
 22117 | D:13     | Found a gate to the Vaults.
 22278 | D:13     | Reached skill level 8 in Hexes
 22450 | Lair:1   | Learned a level 5 spell: Yara's Violent Unravelling
 22835 | D:14     | Found a shadowy altar of Dithmenos.
 23564 | D:15     | Entered Level 15 of the Dungeon
 23708 | D:15     | Reached skill level 17 in Unarmed Combat
 24006 | D:15     | Mangled by an ettin

Vault maps used:
D:1:      saegor_arrival_simple_e
D:2:      lemuel_doored_altar, uniq_iyjb, uniq_natasha
D:3:      nicolae_overflow_hidden_temple, first_bread, fedhas_altar_3
D:4:      uniq_sigmund
D:5:      hangedman_abyss_or_decor_stabs, gammafunk_pakellas_cloud_experiment,
          uniq_duvessa, uniq_edmund, uniq_pikel
D:6:      nrook_loot_triangle, minmay_misc_feat_plants, kennysheep_path_1,
          uniq_eustachio
D:7:      okawaru_trees_1, nicolae_overflow_crystal_walls, uniq_prince_ribbit1
D:8:      david_lair_shrubbed
D:9:      the_bakery, makhleb_blood_cavern_becter, uniq_erolcha
D:11:     due_unseen_surprise, uniq_urug, uniq_grum
D:12:     orc_0_dummy, serial_shops, shop, portal_ice_cave_entry_imps,
          minmay_lizard_king
D:13:     kennysheep_green_arena, david_vaults_4, special_room,
          minmay_splitting_lines
D:14:     grunt_dithmenos_smoke_and_mirrors
D:15:     hangedman_depths_entry_civil_slaughter, grunt_decor_cap,
          hangedman_decor_push, minivault_1, nrook_pool_corridor
Temple:   lightli_temple_of_artemis
Lair:1:   minivault_27, fungi_pond_lemuel
Lair:2:   minmay_snake_entry_guardpost_small, grunt_forest_large_clearings
Lair:3:   shoals_dummy_entry, grunt_megastairs_4
Lair:5:   grunt_megastairs_3, lemuel_fruit_tree, lemuel_fruit_fields, uniq_snorg
Lair:6:   hangedman_lair_tendril_chambers, guppyfry_lair_end_dragon,
          slime_altar_1, uniq_josephine
Orc:1:    uniq_nergalle, uniq_maurice
Orc:2:    grunt_orc_community_town_hall, grunt_orc_community_big_house_1,
          grunt_orc_community_big_house_1, grunt_orc_community_house_1,
          grunt_orc_community_house_1, grunt_orc_community_house_2,
          grunt_orc_community_house_3, grunt_orc_community_house_3,
          grunt_orc_community_house_3, basic_altar, elf_legates, uniq_maud
IceCv:    ice_cave_statue_garden_teleport

Skill      XL: |  1  2  3  4  5  6  7  8  9 10 11 12 13 14 15 16 |
---------------+-------------------------------------------------+-----
Unarmed Combat | 4 5 6 7 8 9 10 11 13 14 15 16 17 | 17.0
Poison Magic   | 1 2 3 |  3.1
Transmutations | 3 5 |  5.5
Dodging        | 2 3 4 5 6 7 9 10 | 10.5
Fighting       | 2 3 4 5 6 7 8 9 10 11 | 11.6
Invocations    | 2 3 5 6 7 9 10 11 12 | 12.8
Ice Magic      | 2 3 |  3.1
Shields        | 1 2 |  2.0
Spellcasting   | 3 4 5 |  5.7
Hexes          | 4 7 8 |  8.0

Action                   |  1- 3 |  4- 6 |  7- 9 | 10-12 | 13-15 | 16-18 || total
-------------------------+-------+-------+-------+-------+-------+-------++-------
Melee: Unarmed           |    74 |   141 |   272 |   588 |  1002 |   280 ||  2357
       Headbutt          |     6 |       |       |       |       |       ||     6
       Punch             |       |     1 |     7 |     3 |    29 |     7 ||    47
       Constrict         |       |       |       |       |   164 |    55 ||   219
Throw: Tomahawk          |       |       |     2 |       |     1 |     3 ||     6
 Cast: Beastly Appendage |    13 |       |       |       |       |       ||    13
       Spider Form       |     3 |    14 |    27 |    32 |    11 |       ||    87
       Ice Form          |       |       |       |     5 |    11 |     5 ||    21
       Blade Hands       |       |       |       |     1 |    27 |     4 ||    32
       Repel Missiles    |       |       |       |       |     3 |       ||     3
       Confusing Touch   |       |       |       |       |     2 |       ||     2
Invok: Slouch            |       |       |       |     4 |    12 |     1 ||    17
       Temporal Distorti |       |       |       |       |     1 |       ||     1
 Abil: Spit Poison       |     8 |     4 |     4 |     8 |     3 |     1 ||    28
       End Transformatio |       |     3 |     1 |     3 |     7 |     2 ||    16
Evoke: Wand              |       |       |       |     1 |     1 |       ||     2
  Use: Scroll            |     2 |     2 |     4 |     7 |     8 |     1 ||    24
       Potion            |       |       |     2 |     1 |     2 |       ||     5
 Stab: Sleeping          |       |     1 |     2 |     2 |     5 |     2 ||    12
       Distracted        |       |       |       |       |     7 |     1 ||     8
       Confused          |       |       |       |       |     3 |       ||     3
  Eat: Chunk             |     1 |     8 |     9 |    19 |    32 |     6 ||    75
       Bread ration      |       |       |       |       |     1 |       ||     1
       Fruit             |       |       |       |       |       |     2 ||     2
       Pizza             |       |       |       |       |       |     1 ||     1
       Beef jerky        |       |       |       |       |       |     1 ||     1
Armor: Robe              |    13 |    19 |    14 |    38 |   104 |    39 ||   227
       Skin              |     3 |     4 |    32 |    17 |    24 |     4 ||    84
Dodge: Dodged            |    45 |   107 |   188 |   509 |   690 |   167 ||  1706
       Deflected         |       |       |       |       |     3 |     6 ||     9
Block: Other             |       |       |       |    52 |    71 |     8 ||   131
       Buckler           |       |       |       |    98 |   250 |   123 ||   471
       Reflection        |       |       |       |     4 |     5 |    15 ||    24
